 Dungeon Crawl Stone Soup version 0.30-a0-989-g0d87f670db (webtiles) character file.

Game seed: 15665152996517296739

5 greasedhog the Trooper (level 1, -1/14 HPs)
             Began as a Kobold Fighter on Apr 3, 2023.
             Slain by a gnoll
             ... wielding a +0 club
              (6 damage)
             ... on level 1 of the Dungeon.
             The game lasted 00:00:47 (196 turns).

greasedhog the Trooper (Kobold Fighter)              Turns: 196, Time: 00:00:48

Health: -1/14      AC:  0    Str: 13    XL:     1   Next: 88%
Magic:  1/1        EV: 12    Int:  9    God:
Gold:   8          SH:  4    Dex: 14    Spells: 0/0 levels left

rFire   . . .      SeeInvis .    a - +0 rapier
rCold   . . .      Faith    .    c - +0 buckler
rNeg    . . .      Spirit   .    (no body armour)
rPois   .          Reflect  .    (no helmet)
rElec   .          Rampage  .    (no cloak)
rCorr   .                        (no gloves)
Will    .....                    (no boots)
Stlth   +++                      (no amulet)
HPRegen 0.22/turn                (no ring)
MPRegen 0.07/turn                (no ring)

@: no status effects
A: small, no large weapons, nightstalker 3
a: no special abilities


You were on level 1 of the Dungeon.
You visited 1 branch of the dungeon, and saw 1 of its levels.

You collected 8 gold pieces.

Inventory:

Hand Weapons
 a - a +0 rapier (weapon)
Armour
 b - a +0 scale mail
 c - a +0 buckler (worn)
Scrolls
 e - a scroll of fear {unknown}
 f - a scroll of vulnerability {unknown}
Potions
 d - a potion of might


   Skills:
 - Level 3.2 Fighting
 * Level 3.1 Short Blades
 - Level 2.4 Armour
 * Level 1.3 Stealth
 - Level 2.4 Shields


You couldn't memorise any spells.
You didn't know any spells.
Your spell library contained the following spells:

 Spells                   Type           Power      Damage    Failure   Level
 Leda's Liquefaction      Hex/Erth       0%         N/A       99%         4
 Manifold Assault         Tloc           0%         N/A       99%         4
 Lee's Rapid Deconstruct  Erth           0%         3d4*      100%        5
 Dispersal                Tloc           0%         N/A       100%        6
 Statue Form              Tmut/Erth      0%         N/A       100%        6
 Disjunction              Tloc           0%         N/A       100%        8


Dungeon Overview and Level Annotations

Branches:
Dungeon (1/15)

Altars:


Innate Abilities, Weirdness & Mutations

You are small and have problems with some larger weapons.
You are completely attuned to the shadows.


Message History

You puncture the giant cockroach!
You kill the giant cockroach!
Your Short Blades skill increases to level 3!
Your Stealth skill increases to level 1!
You see here a giant cockroach corpse.
You start resting.
HP restored.
Okay, then.
A bat comes into view.
The helpless bat fails to defend itself.
You puncture the bat!
You kill the bat!
No target in view!
You see here a bat corpse.
f - a scroll labelled QUPRET WIYCH A goblin comes into view.
It is wielding a +0 club.
The goblin shouts!
You hear a shout!
You hear an angry hiss.
A gnoll comes into view. It is wielding a +0 club.
The gnoll hits you with a +0 club!
Ouch! That really hurt!
The goblin closely misses you.
You are too injured to fight recklessly!
The goblin attacks as you move away! The goblin hits you with a +0 club.
* * * LOW HITPOINT WARNING * * *
The gnoll attacks as you move away! You block the gnoll's attack.
You hit the gnoll.
The gnoll is lightly wounded.
A ball python comes into view.
The gnoll misses you.
The ball python hisses angrily.
You hit the gnoll.
The gnoll is moderately wounded.
The gnoll misses you.
You closely miss the gnoll.
The gnoll is moderately wounded.
You block the gnoll's attack.
You hit the gnoll.
The gnoll is severely wounded.
The gnoll hits you with a +0 club.
You die...

.P #. #. ###.###
....Sg# ###.#g#
#.#@# ..#.# ####.#
#.# #.# #.#
################.#
.................#
##################


You could see a gnoll, a goblin and a ball python.

Vanquished Creatures
  A bat (D:1)
  A giant cockroach (D:1)
  2 hobgoblins (D:1)
4 creatures vanquished.

Vanquished Creatures (others)
  A plant (D:1)
1 creature vanquished.

Grand Total: 5 creatures vanquished

Notes
Turn   | Place    | Note
-------+----------+-------------------------------------------
     0 | D:1      | greasedhog the Kobold Fighter began the quest for the Orb.
     0 | D:1      | Reached XP level 1. HP: 14/14 MP: 1/1
    80 | D:1      | Reached skill level 1 in Stealth
   196 | D:1      | Slain by a gnoll

Illustrated notes

Levels and vault maps discovered:
D:1:      psy_arrival_conway, layout_basic, serial_forest,
          infiniplex_forest_straight_4, infiniplex_forest_diagonal,
          infiniplex_forest_lined_room_2, infiniplex_forest_clump_small,
          infiniplex_forest_clump_C, infiniplex_forest_clump_medium,
          infiniplex_forest_lined_3, chequers_garden

Skill      XL: |  1 |
---------------+----+-----
Short Blades   | 3 |  3.1
Stealth        | 1 |  1.3
Fighting       | |  3.2
Armour         | |  2.4
Shields        | |  2.4

Action                     || total
---------------------------++-------
  Melee: Rapier            ||    14
   Stab: Sleeping          ||     1
  Dodge: Dodged            ||     5
  Block: Buckler           ||     3

Table legend: (Time is in decaauts)
 A = Elapsed time spent in this place.
 B = Non-inter-level travel time spent in this place.
 C = Inter-level travel time spent in this place.
 D = Time resting spent in this place.
 E = Time spent auto-exploring this place.
 F = Levels seen in this place.
 G = Mean time per level.
                   A        B        C        D        E       F      G
               +--------+--------+--------+--------+--------+-----+--------+
         Total |    199 |    199 |      0 |     30 |    118 |   1 |  199.0 |
       Dungeon |    199 |    199 |      0 |     30 |    118 |   1 |  199.0 |
               +--------+--------+--------+--------+--------+-----+--------+

Top non-repeatable levels by time:
     D:1: 199 daAuts
